 Dungeon Crawl Stone Soup version 0.28-a0-850-g09de17f5b5 (webtiles) character file.

Game seed: 15160663963784106716

17435 ders the Geomancer (level 12, -7/62 HPs)
             Began as a Gargoyle Earth Elementalist on Nov 13, 2021.
             Was a Follower of Vehumet.
             Mangled by a death yak (23 damage)
             ... on level 10 of the Dungeon.
             The game lasted 00:28:11 (19843 turns).

ders the Geomancer (Gargoyle Earth Elementalist)   Turns: 19843, Time: 00:28:12

Health: -7/62      AC: 13    Str: 12    XL:     12   Next: 48%
Magic:  2/27       EV: 15    Int: 21    God:    Vehumet [*.....]
Gold:   627        SH:  0    Dex: 10    Spells: 22/33 levels left

rFire   . . .      SeeInvis .   l - staff of cold
rCold   + . .      Faith    .   (no shield)
rNeg    + + .      Spirit   .   E - +0 steam dragon scales
rPois   ∞          Reflect  .   (no helmet)
rElec   +          Harm     .   (no cloak)
rCorr   .          Rampage  .   (no gloves)
Will    .....                   (no boots)
Stlth   ++........              (no amulet)
HPRegen 0.20/turn               z - +4 ring of evasion
MPRegen 0.20/turn               B - ring of positive energy

@: no status effects
A: sickness immunity, AC +8, negative energy resistance 1, electricity
resistance, torment resistance 1, petrification resistance
a: Renounce Religion


You were on level 10 of the Dungeon.
You worshipped Vehumet.
Vehumet was aware of your devotion.
You visited 3 branches of the dungeon, and saw 13 of its levels.
You also visited: Sewer and Ossuary.

You collected 627 gold pieces.

Inventory:

Missiles
 a - 115 stones
 i - 2 throwing nets
Armour
 C - a +0 robe of willpower
 E - +0 steam dragon scales (worn)
Magical Staves
 l - a staff of cold (weapon)
Jewellery
 z - a +4 ring of evasion (left hand)
 B - a ring of positive energy (right hand)
Wands
 j - a wand of charming (13)
 s - a wand of polymorph (8)
 D - a wand of flame (12)
 F - a wand of iceblast (3)
Scrolls
 b - 2 scrolls of amnesia
 d - a scroll of brand weapon {unknown}
 e - 5 scrolls of fog
 f - 3 scrolls of silence
 g - 2 scrolls of enchant weapon
 o - 2 scrolls of enchant armour
 t - 4 scrolls of magic mapping
 u - 2 scrolls of immolation
 w - a scroll of holy word
 x - a scroll of identify
Potions
 c - 5 potions of flight
 h - 2 potions of cancellation
 k - 2 potions of lignification
 m - 3 potions of curing
 p - 3 potions of brilliance
 q - a potion of resistance
 r - 2 potions of berserk rage
 v - a potion of haste {unknown}
 A - 2 potions of mutation


   Skills:
 + Level 2.2 Fighting
 + Level 0.6 Staves
 - Level 1.5 Dodging
 - Level 2.1 Stealth
 + Level 11.1 Spellcasting
 * Level 12.6 Conjurations
 + Level 2.5 Transmutations
 + Level 0.9 Air Magic
 + Level 13.2 Earth Magic


You had 22 spell levels left.
You knew the following spells:

 Your Spells              Type           Power      Damage    Failure   Level
a - Sandblast             Erth           100%       2d20      1%          1
b - Stone Arrow           Conj/Erth      100%       3d13      1%          3
c - Petrify               Tmut/Erth      44%        N/A       2%          4
d - Swiftness             Air            15%        N/A       12%         3

Your spell library contained the following spells:

 Spells                   Type           Power      Damage    Failure   Level
 Magic Dart               Conj           100%       1d8       1%          1
 Shock                    Conj/Air       100%       1d9       1%          1
 Passwall                 Tmut/Erth      36%        N/A       1%          2
 Leda's Liquefaction      Hex/Erth       19%        N/A       3%          4
 Call Canine Familiar     Summ           11%        N/A       17%         3
 Portal Projectile        Hex/Tloc       22%        N/A       17%         3
 Airstrike                Air            7%         N/A       36%         4


Dungeon Overview and Level Annotations

Branches:
Dungeon (11/15)            Temple (1/1) D:6            Lair (1/6) D:10
    Orc (0/2) D:10          Sewer (visited)         Ossuary (visited)

Altars:
Ashenzari
Cheibriados
Dithmenos
Elyvilon
Fedhas
Gozag
Hepliaklqana
Kikubaaqudgha
Makhleb
Nemelex Xobeh
Okawaru
Qazlal
Ru
Sif Muna
Trog
Uskayaw
Vehumet
Wu Jian
Xom
Yredelemnul
Zin
The Shining One

Shops:
D:10 [

Annotations:
D:7 2 transporters, Grum; ders's ghost, novice GrEE
D:9 2 transporters, Sweebthomas's ghost, journeyman DrGl


Innate Abilities, Weirdness & Mutations

You are immune to sickness and miasma.
Your stone body is resilient. (AC +8)
You are immune to poison.
You resist negative energy. (rN+)
You are resistant to electric shocks. (rElec)
You are resistant to unholy torment.
You are immune to petrification.


Message History

Casting: Stone Arrow (safe; 1% risk of failure)
Confirm with . or Enter, or press ? or * to list all spells.
Aiming: Stone Arrow (safe; 1% risk of failure)
Press: ? - help, Shift-Dir - straight line, f/p - death yak
Aim: a death yak (lightly wounded, 92% to hit)
The stone arrow hits the death yak!!
The death yak is moderately wounded.
The death yak barely misses you.
Unknown command.
Casting: Stone Arrow (safe; 1% risk of failure)
Confirm with . or Enter, or press ? or * to list all spells.
Aiming: Stone Arrow (safe; 1% risk of failure)
Press: ? - help, Shift-Dir - straight line, f/p - death yak
Aim: a death yak (moderately wounded, 92% to hit)
The stone arrow hits the death yak!!
The death yak is heavily wounded.
The death yak gores you!
* * * LOW HITPOINT WARNING * * *
Unknown command.
Casting: Stone Arrow (safe; 1% risk of failure)
Confirm with . or Enter, or press ? or * to list all spells.
You don't have enough magic to cast this spell.
You feel better. The death yak gores you!
* * * LOW HITPOINT WARNING * * *
Casting: Stone Arrow (safe; 1% risk of failure)
Confirm with . or Enter, or press ? or * to list all spells.
Aiming: Stone Arrow (safe; 1% risk of failure)
Press: ? - help, Shift-Dir - straight line, f/p - death yak
Aim: a death yak (heavily wounded, 92% to hit)
The stone arrow hits the death yak!
The death yak is severely wounded.
The death yak closely misses you.
Unknown command.
As you read the scroll labelled UFOUGO MEREIG, it crumbles to dust.
It is a scroll of amnesia.
Really abort (and waste the scroll)?
Okay, then.
The death yak barely misses you. The death yak gores you!!
You die...

...#.....#
##........#
#..##....#
#.........#
....###.##
#.........#
..÷.#####
##........## .....#
#.........#
.##..###
#........##
.####..##
#........#
.###....##
##......##
.........##
##.Y@..#
..........##
#...###
...........#######
.............###
...............##
###
<..........###..###
#.# ...........#
###..###.#
..........##
###..#.#
..........# ##...##


You could see a death yak.

Vanquished Creatures
  3 two-headed ogres
  A death yak (D:10)
  7 hell knights (D:10)
  2 skeletal warriors (D:10)
  A necromancer (D:10)
  Maggie (D:8)
  Grinder (D:6)
  2 hornets
  2 wyverns
  20 yaks
  2 basilisks (D:9)
  A steam dragon (D:8)
  A vampire mosquito (D:10)
  Menkaure (Ossuary)
  7 water moccasins
  7 hell hounds (D:10)
  3 orc warriors (D:10)
  A hornet zombie (D:8)
  An ice beast (D:7)
  A black bear (D:6)
  A necrophage (D:6)
  A sky beast (D:4)
  An ogre (D:4)
  6 centaurs
  3 kobold brigands
  An elf zombie (Ossuary)
  A wyvern zombie (D:8)
  3 scorpions
  A gnoll sergeant (D:7)
  3 killer bees (D:9)
  A howler monkey (D:6)
  3 electric eels (D:7)
  7 centaur zombies
  3 jellies
  A hound (D:5)
  2 bullfrog skeletons
  An orc priest (D:7)
  2 gnoll shamans
  5 iguanas
  4 orc wizards
  A killer bee zombie (D:7)
  2 ogre zombies (Ossuary)
  A hound skeleton (D:5)
  6 mummies (Ossuary)
  A howler monkey zombie (D:9)
  14 gnolls
  3 river rats (D:4)
  6 adders
  2 shadow imps
  A white imp (D:6)
  An ufetubus (D:7)
  7 adder zombies (Ossuary)
  7 worms
  2 dart slugs
  17 orcs
  9 endoplasms
  A giant cockroach (D:3)
  7 goblins
  8 hobgoblins
  8 jackals
  15 kobolds
  2 quokkas
  3 ball pythons
  4 bats
  5 frilled lizards
  4 hobgoblin zombies (Ossuary)
  5 kobold zombies (Ossuary)
  An orc zombie (Ossuary)
  4 quokka zombies (Ossuary)
  8 rats
  3 rat zombies (Ossuary)
273 creatures vanquished.

Vanquished Creatures (others)
  4 fungi (D:10)
  26 plants
30 creatures vanquished.

Grand Total: 303 creatures vanquished

Notes
Turn   | Place    | Note
-------+----------+-------------------------------------------
     0 | D:1      | ders the Gargoyle Earth Elementalist began the quest for
                  | the Orb.
     0 | D:1      | Reached XP level 1. HP: 10/10 MP: 3/3
   461 | D:1      | Reached skill level 4 in Earth Magic
   472 | D:1      | Reached XP level 2. HP: 13/15 MP: 0/5
  1367 | D:2      | Found a faded altar of an unknown god.
  1373 | D:2      | Got Plato's Grimoire of Confrontation
  1381 | D:2      | Reached XP level 3. HP: 19/19 MP: 4/6
  1424 | D:2      | Learned a level 3 spell: Stone Arrow
  1602 | D:2      | Reached skill level 1 in Transmutations
  1814 | D:2      | Reached skill level 1 in Conjurations
  2277 | D:3      | Reached XP level 4. HP: 24/24 MP: 2/8
  3193 | D:4      | Noticed a sky beast
  3214 | D:4      | Killed a sky beast
  3215 | D:4      | Reached skill level 5 in Earth Magic
  3215 | D:4      | Reached XP level 5. HP: 21/28 MP: 1/9
  3618 | D:4      | Reached XP level 6. HP: 32/32 MP: 4/10
  3767 | D:4      | Found a glowing drain.
  3775 | Sewer    | Entered a sewer
  4164 | Sewer    | Found a glowing silver altar of Zin.
  4782 | D:5      | Entered Level 5 of the Dungeon
  5078 | D:4      | Reached XP level 7. HP: 36/36 MP: 5/12
  5372 | D:5      | Reached skill level 6 in Earth Magic
  5513 | D:5      | Reached skill level 5 in Conjurations
  5944 | D:5      | Reached XP level 8. HP: 41/41 MP: 10/14
  6588 | D:6      | Found a sand-covered staircase.
  6595 | Ossuary  | Entered an ossuary
  6911 | Ossuary  | Reached skill level 7 in Earth Magic
  7466 | Ossuary  | Reached skill level 5 in Spellcasting
  7551 | Ossuary  | Noticed Menkaure
  7684 | Ossuary  | Killed Menkaure
  8042 | D:6      | Reached skill level 8 in Earth Magic
  8418 | D:6      | Reached XP level 9. HP: 46/46 MP: 14/18
  8793 | D:6      | Found a staircase to the Ecumenical Temple.
  8945 | Temple   | Entered the Ecumenical Temple
  9397 | D:6      | Reached skill level 1 in Fighting
  9500 | D:6      | Noticed Grinder
  9505 | D:6      | Killed Grinder
  9880 | D:7      | Reached skill level 9 in Earth Magic
 10446 | D:7      | Noticed Grum
 10453 | D:7      | Found a transporter.
 10459 | D:7      | Found a transporter.
 10499 | D:7      | Noticed ders's ghost (novice GrEE)
 10583 | D:7      | Identified the +10 arbalest of Poverty {speed, rN+ Str-5
                  | Dex+4 Stlth+}
 10583 | D:7      | Identified the ring of Liberalism {rF+ Int+2}
 11516 | D:8      | You fall into a shaft and drop 2 floors!
 11516 | D:10     | Entered Level 10 of the Dungeon
 11633 | D:9      | Noticed a queen bee
 11634 | D:9      | Found a transporter.
 11639 | D:9      | Found a transporter.
 11639 | D:9      | Noticed a meliai
 11700 | D:9      | Noticed a hornet
 11745 | D:9      | Noticed Sweebthomas's ghost (journeyman DrGl)
 12368 | D:9      | Noticed a two-headed ogre
 12375 | D:9      | Killed a two-headed ogre
 12376 | D:9      | Reached skill level 10 in Earth Magic
 12376 | D:9      | Reached XP level 10. HP: 38/52 MP: 6/21
 12660 | D:9      | Noticed a two-headed ogre
 12665 | D:9      | Killed a two-headed ogre
 12778 | D:9      | Learned a level 4 spell: Petrify
 12954 | D:8      | Noticed Maggie
 12958 | D:8      | Killed Maggie
 13378 | D:8      | Found a radiant altar of Vehumet.
 13390 | D:8      | Became a worshipper of Vehumet
 13715 | D:8      | Reached skill level 10 in Conjurations
 13997 | D:8      | Learned a level 3 spell: Swiftness
 14269 | D:9      | Reached skill level 11 in Earth Magic
 14282 | D:9      | Reached XP level 11. HP: 35/56 MP: 1/23
 15081 | D:10     | Found a staircase to the Lair.
 15478 | D:10     | Reached * piety under Vehumet
 15478 | D:10     | Offered knowledge of Magic Dart by Vehumet.
 15675 | D:10     | Found a staircase to the Orcish Mines.
 15676 | D:10     | Found Pora's Armour Emporium.
 16120 | D:10     | Noticed a hell knight
 16126 | D:10     | Killed a hell knight
 16127 | D:10     | Reached skill level 12 in Earth Magic
 16175 | D:10     | Noticed a hell knight
 16175 | D:10     | Noticed a necromancer
 16175 | D:10     | Noticed a hell knight
 16190 | D:10     | Killed a hell knight
 16190 | D:10     | Noticed a hell knight
 16191 | D:10     | Reached skill level 10 in Spellcasting
 16423 | D:10     | Noticed a hell knight
 16439 | D:10     | Noticed a hell knight
 16753 | D:10     | HP: 2/57 [hell knight/bolt of fire (24)]
 17051 | D:10     | Killed a hell knight
 17363 | D:10     | Killed a hell knight
 17371 | D:10     | Killed a hell knight
 17742 | D:10     | Killed a necromancer
 17743 | D:10     | Reached XP level 12. HP: 58/62 MP: 19/26
 17763 | D:10     | Killed a hell knight
 17974 | D:10     | Noticed a hell knight
 18210 | D:10     | Killed a hell knight
 18436 | Lair:1   | Entered Level 1 of the Lair of Beasts
 18436 | Lair:1   | Noticed a death yak
 18436 | Lair:1   | Noticed a death yak
 18436 | Lair:1   | Noticed a death yak
 18900 | D:11     | Noticed a two-headed ogre
 18910 | D:10     | Reached skill level 13 in Earth Magic
 19005 | D:10     | HP: 3/62 [skeletal warrior[a skeletal warrior] (9)]
 19421 | D:11     | Noticed a two-headed ogre
 19424 | D:11     | Killed a two-headed ogre
 19812 | D:10     | Killed a death yak
 19843 | D:10     | Mangled by a death yak

Illustrated notes

Levels and vault maps discovered:
D:1:      nicolae_arrival_somewhat_less_tricky_arrival, layout_rooms,
          minmay_stone_trees_large
D:2:      layout_loops_corners, shapermc_ecumenical_altar_rom_forum,
          serial_bayou_crossing
D:3:      layout_loops_corners, minmay_misc_feat_hallway
D:4:      minmay_bubble_buster, layout_rooms, lightli_sewer_entry_pipes
D:5:      layout_basic
D:6:      layout_loops_corners, minmay_temple_entry_sparse_star,
          chequers_ossuary_entry_cave, uniq_grinder
D:7:      layout_loops_corners, gammafunk_ghost_gnarly_gnolls, serial_bayou,
          serial_bayou_pond_c, serial_bayou_pond_d, serial_bayou_shore_a,
          serial_bayou_ford_a
D:8:      layout_loops_cross, vehumet_altar_wand_db, minmay_misc_feat_x,
          st_stairs_6, uniq_maggie
D:9:      layout_basic, gammafunk_ghost_hive, chequers_serial_rivers_small_b,
          chequers_serial_rivers_micro_e
D:10:     layout_cave_pods, minmay_lair_entry_grove, orc_david_3,
          minmay_rotating_lava
D:11:     layout_long_grid, chequers_hall_statues_y, st_stairs_5
Temple:   mainiacjoe_temple_trianglar_array
Lair:1:   layout_long_grid, st_stairs_6, grunt_megastairs_4

Skill      XL: |  1  2  3  4  5  6  7  8  9 10 11 12 |
---------------+-------------------------------------+-----
Earth Magic    | 4 5 6 8 10 11 12 13 | 13.2
Transmutations | 1 2 |  2.5
Conjurations   | 1 2 3 4 5 6 9 10 11 12 | 12.6
Spellcasting   | 3 4 6 7 8 10 11 | 11.1
Fighting       | 1 2 |  2.2
Staves         | |  0.6
Dodging        | |  1.5
Stealth        | |  2.1
Air Magic      | |  0.9

Action                   |  1- 3 |  4- 6 |  7- 9 | 10-12 || total
-------------------------+-------+-------+-------+-------++-------
Melee: Staff             |       |    35 |     6 |     1 ||    42
 Cast: Sandblast         |    48 |    74 |    74 |    67 ||   263
       Stone Arrow       |       |    17 |   129 |   210 ||   356
       Swiftness         |       |       |       |     7 ||     7
  Use: Scroll            |       |     6 |    10 |     3 ||    19
       Potion            |       |     4 |       |    10 ||    14
Armor: Robe              |     3 |    28 |    33 |       ||    64
       Steam dragon scal |       |       |       |    70 ||    70
Dodge: Dodged            |    10 |    33 |    64 |   169 ||   276

Table legend: (Time is in decaauts)
 A = Elapsed time spent in this place.
 B = Non-inter-level travel time spent in this place.
 C = Inter-level travel time spent in this place.
 D = Time resting spent in this place.
 E = Time spent auto-exploring this place.
 F = Levels seen in this place.
 G = Mean time per level.
                   A        B        C        D        E       F      G
               +--------+--------+--------+--------+--------+-----+--------+
         Total |  20051 |  19038 |   1013 |   9320 |   7451 |  15 | 1336.7 |
       Dungeon |  17552 |  16561 |    991 |   8206 |   6408 |  11 | 1595.6 |
        Temple |    405 |    383 |     22 |      0 |    382 |   1 |  405.0 |
          Lair |      4 |      4 |      0 |      0 |      0 |   1 |    4.0 |
         Sewer |    648 |    648 |      0 |    282 |    236 |   1 |  648.0 |
       Ossuary |   1440 |   1440 |      0 |    832 |    425 |   1 | 1440.0 |
               +--------+--------+--------+--------+--------+-----+--------+

Top non-repeatable levels by time:
    D:10: 4516 daAuts
     D:9: 2618 daAuts
     D:7: 1780 daAuts
     D:4: 1705 daAuts
     D:6: 1620 daAuts
 Ossuary: 1440 daAuts
     D:2: 1127 daAuts
     D:3: 1089 daAuts
     D:8: 1039 daAuts
     D:1: 1038 daAuts
     D:5: 993 daAuts
   Sewer: 648 daAuts
  Temple: 405 daAuts
    D:11: 21 daAuts
  Lair:1: 4 daAuts
